cohdb
Replays
Latest Replays
All Replays
Popular Replays
Top Player Replays
Match Explorer
How It Works
Community
CoH3 Stats
Reddit
Sign in to upload your games and track your stats! →
Sign in with Steam
Match 38962759
Unlisted
Match 38962759
Overview
Messages
Build Orders
End
250 Light Carrier
Panzerpioneer Squad
Selects Italian Infantry
Selects Italian Infantry
Panzerpioneer Squad
Construct Light Support Kompanie
Selects Defensive Operations
2.5-tonne Medical Truck
Assault Grenadier Squad
Fire Support Elements
Panzerjäger Mechanized Group
Combat Half-tracks
Construct Panzerarmee Kommand
Selects Prepared Positions
Walking Stuka Rocket Launcher
Armored Reserves
Selects Obice 305mm Barrage
6block
Bueno
Keamy
L1mbo
STALKER4732
狼少
Jenasaie
McCurtis
0
0
Comments
sign in to comment!
No comments posted yet!